 Dungeon Crawl Stone Soup version 0.30.0-30-g96aa6591b8 (webtiles) character file.

Game seed: 15921760083094724686

4 7w4c the Caller (level 1, 0/9 HPs)
             Began as a Spriggan Summoner on June 29, 2023.
             Slain by a hobgoblin (4 damage)
             ... on level 1 of the Dungeon.
             The game lasted 00:01:35 (247 turns).

7w4c the Caller (Spriggan Summoner)                  Turns: 247, Time: 00:01:36

Health: 0/9        AC:  2    Str:  4    XL:     1   Next: 58%
Magic:  5/5        EV: 17    Int: 16    God:
Gold:   35         SH:  0    Dex: 15    Spells: 4/5 levels left

rFire   . . .        (weapon restricted)
rCold   . . .        (no shield)
rNeg    . . .        a - +0 robe
rPois   .            (helmet restricted)
rElec   .            (no cloak)
rCorr   .            (gloves unavailable)
SInv    +            (boots unavailable)
Will    .....        c - amulet of magic regeneration
Stlth   ++           (no ring)
HPRegen 0.21/turn    (no ring)
MPRegen 0.49/turn

%: no passive effects
@: very quick
A: very small, no large weapons, unfitting armour, see invisible, speed 3
a: no special abilities


You were on level 1 of the Dungeon.
You visited 1 branch of the dungeon, and saw 1 of its levels.

You collected 35 gold pieces.

Inventory:

Missiles
 e - 8 stones
Armour
 a - a +0 robe (worn)
Jewellery
 c - an amulet of magic regeneration (around neck)
Scrolls
 d - a scroll of vulnerability {unknown}
Potions
 b - a potion of magic


   Skills:
 + Level 2.7 Dodging
 + Level 3.1 Stealth
 + Level 2.8 Spellcasting
 + Level 3.4 Summonings


You had 4 spell levels left.
You knew the following spells:

 Your Spells              Type           Power      Damage    Failure   Level
a - Summon Small Mammal   Summ           52%        N/A       4%          1

Your spell library contained the following spells:

 Spells                   Type           Power      Damage    Failure   Level
 Call Imp                 Summ           26%        N/A       7%          2
 Call Canine Familiar     Summ           13%        N/A       14%         3
 Summon Guardian Golem    Hex/Summ       7%         N/A       28%         3
 Summon Lightning Spire   Summ/Air       7%         N/A       67%         4


Dungeon Overview and Level Annotations

Branches:
Dungeon (1/15)

Altars:


Innate Abilities, Weirdness & Mutations

You are very small and have problems with some larger weapons.
You are too small for most types of armour.
You have supernaturally acute eyesight. (SInv)
You cover ground extremely quickly. (Speed+++)


Message History

You hit the hobgoblin but do no damage.
The hobgoblin hits you but does no damage.
The giant cockroach barely misses your rat.
Your rat bites the giant cockroach but does no damage.
You hit the hobgoblin but do no damage.
The giant cockroach closely misses your rat.
The hobgoblin barely misses you.
Your rat barely misses the giant cockroach.
Your magical contamination has completely faded away.
You closely miss the hobgoblin. The giant cockroach bites your rat.
The hobgoblin misses you.
Your rat bites the giant cockroach but does no damage.
You hit the hobgoblin but do no damage. The giant cockroach bites your rat.
Your rat dies!
Your rat's corpse disappears in a puff of smoke!
The hobgoblin misses you. The giant cockroach closely misses you.
You barely miss the hobgoblin. The hobgoblin barely misses you.
The giant cockroach bites you.
You hit the hobgoblin.
The hobgoblin is lightly wounded.
The hobgoblin barely misses you. The giant cockroach bites you.
You barely miss the hobgoblin.
The hobgoblin is lightly wounded.
The giant cockroach bites you but does no damage.
The hobgoblin closely misses you.
You hit the hobgoblin.
The hobgoblin is moderately wounded.
The giant cockroach bites you but does no damage.
The hobgoblin closely misses you.
You hit the hobgoblin but do no damage.
The hobgoblin is moderately wounded.
The giant cockroach closely misses you. The hobgoblin closely misses you.
The giant cockroach bites you but does no damage.
You completely miss the hobgoblin.
The hobgoblin is moderately wounded.
The hobgoblin hits you. The giant cockroach bites you.
You hit the hobgoblin but do no damage.
The hobgoblin is moderately wounded.
The hobgoblin hits you.
You die...

#......
#..#.##.##....
#......
#...##########
....... #...#
.....?. #...##
.......## ##...#
........+ #...##
#+#....:..#
##...#
#.#.....Bg#
#...##
#.#######@#
##...##
#.#######.#
##...##
#.#.......#
##...##
#.....#####
##...##
.#######.#.#
##...#
...........#####
#...##
########.......#
##...# ###...#.#
#...## #.#.#.#
##.b.#


You could see a giant cockroach and a hobgoblin.

Vanquished Creatures
  A rat (D:1)
1 creature vanquished.

Vanquished Creatures (collateral kills)
  A giant cockroach (D:1)
  A hobgoblin (D:1)
  A ball python (D:1)
  A rat (D:1)
4 creatures vanquished.

Grand Total: 5 creatures vanquished

Notes
Turn   | Place    | Note
-------+----------+-------------------------------------------
     0 | D:1      | 7w4c the Spriggan Summoner began the quest for the Orb.
     0 | D:1      | Reached XP level 1. HP: 9/9 MP: 5/5
   247 | D:1      | Slain by a hobgoblin

Illustrated notes

Levels and vault maps discovered:
D:1:      giann_forest_graveyard, layout_basic, serial_curves, eino_curves_01,
          eino_curves_04

Action                     || total
---------------------------++-------
  Melee: Unarmed           ||    15
   Cast: Summon Small Mamm ||    16
 Armour: Robe              ||     4
  Dodge: Dodged            ||    16
